 Dungeon Crawl Stone Soup version 0.31-a0-596-g831eee08f1 (webtiles) character file.

Game seed: 5950863186338071033

357 sircluck the Trooper (level 6, -2/56 HPs)
             Began as a Hill Orc Fighter on Aug 20, 2023.
             Slain by a gnoll
             ... wielding a +0 halberd
             ... led by a gnoll bouda
              (10 damage)
             ... on level 4 of the Dungeon.
             The game lasted 00:05:23 (3228 turns).

sircluck the Trooper (Hill Orc Fighter)             Turns: 3228, Time: 00:05:24

Health: -2/56      AC: 11    Str: 21    XL:     6   Next: 64%
Magic:  6/6        EV:  9    Int:  8    God:
Gold:   185        SH:  4    Dex: 10    Spells: 5/5 levels left

rFire   . . .        a - +0 war axe
rCold   . . .        c - +0 buckler
rNeg    . . .        b - +0 scale mail
rPois   .            (no helmet)
rElec   .            d - +0 cloak
rCorr   .            (no gloves)
SInv    .            n - +2 pair of boots
Will    .....        (no amulet) Stlth
                     (no ring)
HPRegen 0.29/turn    (no ring)
MPRegen 0.10/turn

%: no passive effects
@: no status effects
A: no striking features
a: no special abilities


You were on level 4 of the Dungeon.
You visited 1 branch of the dungeon, and saw 4 of its levels.

You collected 185 gold pieces.

Inventory:

Hand Weapons
 a - a +0 war axe (weapon)
 z - a +0 executioner's axe
Missiles
 g - 41 stones
 o - 3 poisoned darts
Armour
 b - a +0 scale mail (worn)
 c - a +0 buckler (worn)
 d - a +0 cloak (worn)
 n - a +2 pair of boots (worn)
Wands
 x - a wand of flame (6)
Scrolls
 e - a scroll of butterflies {unknown}
 f - a scroll of poison {unknown}
 i - a scroll of immolation {unknown}
 k - 4 scrolls of identify {unknown}
 l - 5 scrolls of teleportation {unknown}
 p - 2 scrolls of enchant armour {unknown}
 s - a scroll of noise {unknown}
 t - a scroll of revelation {unknown}
 w - a scroll of fear {unknown}
 y - a scroll of acquirement {unknown}
 A - a scroll of vulnerability {unknown}
Potions
 h - a potion of degeneration {unknown}
 j - 2 potions of ambrosia {unknown}
 m - a potion of attraction {unknown}
 q - a potion of heal wounds {unknown}
 r - a potion of curing {unknown}
 u - 2 potions of resistance {unknown}
 v - a potion of magic {unknown}


   Skills:
 + Level 5.3 Fighting
 + Level 5.0 Axes
 + Level 4.8 Armour
 + Level 4.8 Shields


You had 5 spell levels left.
You didn't know any spells.
Your spell library contained the following spells:

 Spells                   Type           Power      Damage    Failure   Level
 Apportation              Tloc           0%         N/A       80%         1
 Shock                    Conj/Air       0%         1d3       80%         1
 Swiftness                Air            0%         N/A       99%         3
 Airstrike                Air            0%         2d(0-16)  100%        4
 Alistair's Intoxication  Tmut/Pois      0%         N/A       100%        5
 Iskenderun's Battlesphe  Conj           0%         2d6       100%        5
 Leda's Unmaking          Conj/Erth      0%         9d1       100%        6
 Spellforged Servitor     Conj/Summ      0%         N/A       100%        7


Dungeon Overview and Level Annotations

Branches:
Dungeon (4/15)             Temple (0/1) D:4

Altars:
Kikubaaqudgha
Uskayaw
Yredelemnul
The Shining One


Message History

You hit the gnoll.
The gnoll is lightly wounded.
The gnoll hits you but does no damage. The gnoll hits you with a +0 whip.
You barely miss the gnoll.
The gnoll is lightly wounded.
You block the gnoll's attack. x3; The gnoll hits you but does no damage.
You hit the gnoll.
The gnoll is heavily wounded.
You block the gnoll's attack. The gnoll hits you with a +0 whip.
You slash the gnoll!
You kill the gnoll!
The gnoll barely misses you.
The gnoll hits you from afar with a +0 halberd.
The gnoll barely misses you.
Items here: ))) †.
You hit the gnoll.
The gnoll is lightly wounded.
The gnoll barely misses you. The gnoll hits you with a +0 spear.
The gnoll hits you from afar with a +0 halberd.
You slash the gnoll!
You kill the gnoll!
You block the gnoll's attack. You block the gnoll's attack.
Things that are here:
a +0 spear; a gnoll corpse You barely miss the gnoll.
The gnoll hits you but does no damage.
You hit the gnoll.
The gnoll is lightly wounded.
The gnoll barely misses you. The gnoll hits you with a +0 halberd.
You closely miss the gnoll.
The gnoll is lightly wounded.
The gnoll closely misses you.
You hit the gnoll but do no damage.
The gnoll is lightly wounded.
The gnoll hits you with a +0 halberd!
* * * LOW HITPOINT WARNING * * *
You hit the gnoll.
The gnoll is heavily wounded.
The gnoll hits you with a +0 halberd!
You die...

###'## #.#
#.# #.#
#.# #.#
#.# #.#
#.# #.#
#)# #)#
########
#@#
.......#
#g#
.[.....#
#.########
.......#
#....ggg.g
#####
.......#
##########
#....
.......#
#.#.###
8#.....#
#.#.#
.##...##
#.#.#
..##...#
#.#.#


You could see a gnoll.

Vanquished Creatures
  A water moccasin (D:4)
  A hound (D:4)
  A gnoll bouda (D:4)
  Jessica (D:3)
  Crazy Yiuf (D:2)
  Robin (D:2)
  4 gnolls (D:4)
  3 adders
  2 dart slugs
  8 ball pythons
  2 bats
  4 endoplasms
  3 giant cockroaches
  12 goblins
  5 hobgoblins
  4 quokkas
  2 frilled lizards (D:2)
  8 kobolds
  7 rats
70 creatures vanquished.

Notes
Turn   | Place    | Note
-------+----------+-------------------------------------------
     0 | D:1      | sircluck the Hill Orc Fighter began the quest for the Orb.
     0 | D:1      | Reached XP level 1. HP: 19/19 MP: 1/1
   236 | D:1      | Reached XP level 2. HP: 25/27 MP: 2/2
  1111 | D:2      | Reached XP level 3. HP: 28/33 MP: 3/3
  1589 | D:2      | Noticed Robin
  1603 | D:2      | Killed Robin
  1604 | D:2      | Reached XP level 4. HP: 38/41 MP: 4/4
  1870 | D:2      | Found a runed translucent door.
  1871 | D:2      | Noticed Crazy Yiuf
  1879 | D:2      | Killed Crazy Yiuf
  2113 | D:3      | Noticed Jessica
  2116 | D:3      | Killed Jessica
  2117 | D:3      | Reached XP level 5. HP: 46/47 MP: 5/5
  2418 | D:3      | Found a basalt altar of Yredelemnul.
  2420 | D:3      | Noticed a profane servitor
  2425 | D:3      | Found a glowing golden altar of the Shining One.
  2427 | D:3      | Noticed an angel
  2845 | D:4      | Found a staircase to the Ecumenical Temple.
  2884 | D:4      | Found an ancient bone altar of Kikubaaqudgha.
  2884 | D:4      | Noticed a water moccasin
  2894 | D:4      | Killed a water moccasin
  2895 | D:4      | Reached skill level 5 in Fighting
  2895 | D:4      | Reached XP level 6. HP: 34/56 MP: 6/6
  3019 | D:4      | Found a hide-covered altar of Uskayaw.
  3216 | D:4      | Reached skill level 5 in Axes
  3228 | D:4      | Slain by a gnoll

Illustrated notes

Levels and vault maps discovered:
D:1:      dpeg_arrival_shrine, layout_loops_corners, st_stairs_12,
          chequers_serial_rivers_micro_b
D:2:      layout_loops_ring, chequers_jeans, glass_columns_c, uniq_robin,
          uniq_crazy_yiuf_cottage
D:3:      layout_rooms, grunt_temple_overflow_holy_war, kennysheep_jessica_study
D:4:      layout_basic, jmf_multi_god_temple, minmay_temple_entry_junction

Skill      XL: |  1  2  3  4  5  6 |
---------------+-------------------+-----
Axes           | 3 4 5 |  5.0
Fighting       | 4 5 |  5.3
Armour         | 4 |  4.8
Shields        | 4 |  4.8

Action                     |  1- 3 |  4- 6 || total
---------------------------+-------+-------++-------
  Melee: War axe           |    99 |    97 ||   196
    Use: Potion            |       |     1 ||     1
 Armour: Scale mail        |    64 |    47 ||   111
  Dodge: Dodged            |    53 |    41 ||    94
  Block: Buckler           |    21 |    21 ||    42

Table legend: (Time is in decaauts)
 A = Elapsed time spent in this place.
 B = Non-inter-level travel time spent in this place.
 C = Inter-level travel time spent in this place.
 D = Time resting spent in this place.
 E = Time spent auto-exploring this place.
 F = Levels seen in this place.
 G = Mean time per level.
                   A        B        C        D        E       F      G
               +--------+--------+--------+--------+--------+-----+--------+
         Total |   3295 |   3106 |    189 |      0 |   2449 |   4 |  823.8 |
       Dungeon |   3295 |   3106 |    189 |      0 |   2449 |   4 |  823.8 |
               +--------+--------+--------+--------+--------+-----+--------+

Top non-repeatable levels by time:
     D:1: 1107 daAuts
     D:2: 845 daAuts
     D:4: 687 daAuts
     D:3: 655 daAuts
